 Dungeon Crawl Stone Soup version 0.21.0-3-g78d12a8 (webtiles) character file.

23 zhorgal the Sneak (level 2, 0/22 HPs)
             Began as a Naga Venom Mage on Jan 9, 2018.
             Slain by an adder (4 damage)
             ... on level 2 of the Dungeon.
             The game lasted 00:08:11 (863 turns).

zhorgal the Sneak (Naga Venom Mage)                  Turns: 863, Time: 00:08:12

Health: 0/22       AC:  1    Str: 10    XL:     2   Next: 95%
Magic:  0/5        EV: 10    Int: 18    God:
Gold:   59         SH:  0    Dex: 11    Spells: 2/5 levels left

rFire    . . .     SeeInvis +   i - +0 hand axe
rCold    . . .     Gourm    .   (no shield)
rNeg     . . .     Faith    .   a - +0 robe
rPois    +         Spirit   .   (no helmet)
rElec    .         Reflect  .   (no cloak)
rCorr    .         Harm     .   (no gloves)
MR       .....                  (no barding)
Stlth    +++.......             (no amulet)
HPRegen  0.07/turn              g - +3 ring of intelligence (curse)
MPRegen  0.09/turn              (no ring)

@: very slightly contaminated, very slow
A: large, see invisible, deformed body, poison resistance, slowness 2, slow
metabolism 1, spit poison 1, AC +0
a: Spit Poison


You were on level 2 of the Dungeon.
You were not hungry.

You visited 1 branch of the dungeon, and saw 2 of its levels.

You collected 59 gold pieces.

Inventory:

Hand Weapons
 e - a +0 dagger
 f - a +0 short sword
 i - a +0 hand axe (weapon)
Armour
 a - a +0 robe (worn)
Jewellery
 g - a cursed +3 ring of intelligence (left hand)
Scrolls
 d - a scroll of enchant armour {unknown}
 j - a scroll of blinking {unknown}
 m - a scroll of fear {unknown}
 n - a scroll of identify {unknown}
Potions
 h - 4 potions of curing {unknown}
 k - a potion of heal wounds {unknown}
Books
 b - a Young Poisoner's Handbook

   Spells                             Type                      Level
   a - Sting                          Conjuration/Poison           1
   b - Poisonous Vapours              Poison/Air                   2
   c - Mephitic Cloud                 Conjuration/Poison/Air       3
   d - Olgreb's Toxic Radiance        Poison                       4
   e - Venom Bolt                     Conjuration/Poison           5
Comestibles
 c - 3 rations
 l - a chunk of flesh


   Skills:
 - Level 1.5 Dodging
 + Level 5.2 Stealth
 - Level 2.0 Spellcasting
 - Level 1.0 Conjurations
 - Level 4.0 Poison Magic


You had 2 spell levels left.
You knew the following spells:

 Your Spells              Type           Power        Failure   Level  Hunger
a - Sting                 Conj/Pois      ##..         6%          1    #......
b - Poisonous Vapours     Pois/Air       #.....       12%         2    ###....


Dungeon Overview and Level Annotations

Branches:
Dungeon (2/15)

Altars:


Innate Abilities, Weirdness & Mutations

You cannot wear boots.
Your serpentine skin is tough. (AC +0)
You have supernaturally acute eyesight. (SInv)
Armour fits poorly on your strangely shaped body.
Your system is resistant to poisons. (rPois)
You cover ground very slowly.
You have a slow metabolism.
You can spit poison.


Message History

You take 4 damage, and have 15/22 hp.
You barely miss the adder.
You have got your breath back.
The adder bites you. x2
You take 6 damage, and have 9/22 hp.
MASSIVE DAMAGE!!
Aim: an adder The splash of poison hits the adder.
You feel slightly more hungry. The adder barely misses you.
You miss the adder. The adder bites you. The adder barely misses you.
You take 1 damage, and have 8/22 hp.
Aim: an adder (almost dead)
You miscast Poisonous Vapours.
You are very lightly contaminated with residual magic.
Nothing appears to happen.
The adder bites you.
* * * LOW HITPOINT WARNING * * *
You take 4 damage, and have 4/22 hp.
You now have 0/5 mp.
You completely miss the adder.
You have got your breath back.
The adder bites you.
You die...

######## #......####
#.####.##.####### .#
#...##.#........##.##
#.#.##.##.##........
#####......##.##.##.#.## #
......#.#####.>........##.#
#####.#.........@S........S
#####.########)#.......##.#
##....########.####.....<.#
##.##.##.......# ##.#.####
##.##.##.......# #.# #
......##.......# #.#
##.#####...#...# #.# #.#
#.......# #<# #.# #.....<.#
#.#


You could see an adder.

Vanquished Creatures
  An adder (D:2)
  2 bats (D:1)
  A giant cockroach (D:1)
  3 goblins
  A quokka (D:2)
  2 kobolds (D:1)
  2 rats (D:1)
12 creatures vanquished.

Notes
Turn   | Place    | Note
-------+----------+-------------------------------------------
     0 | D:1      | zhorgal the Naga Venom Mage began the quest for the Orb.
     0 | D:1      | Reached XP level 1. HP: 15/15 MP: 3/3
    92 | D:1      | Reached skill level 4 in Stealth
    99 | D:1      | Reached XP level 2. HP: 10/22 MP: 1/5
   299 | D:1      | Learned a level 2 spell: Poisonous Vapours
   854 | D:2      | Reached skill level 5 in Stealth
   863 | D:2      | Slain by an adder

Skill      XL: |  1  2 |
---------------+-------+-----
Stealth        | 4 5 |  5.2
Dodging        | |  1.5
Spellcasting   | |  2.0
Conjurations   | |  1.0
Poison Magic   | |  4.0

Action                   || total
-------------------------++-------
Melee: Dagger            ||     8
       Hand axe          ||    10
 Cast: Sting             ||     7
       Poisonous Vapours ||     4
 Abil: Spit Poison       ||    10
 Stab: Sleeping          ||     1
Armor: Robe              ||     3
Dodge: Dodged            ||    13
